 Dungeon Crawl Stone Soup version 0.21.1-1-g345015fe64 (webtiles) character file.

2055 Oravi the Slicer (level 9, 0/63 HPs)
             Began as a Halfling Fighter on Mar 28, 2018.
             Was a Believer of Okawaru.
             Slain by a vampire (2 damage)
             ... on level 6 of the Dungeon.
             The game lasted 00:32:55 (6557 turns).

Oravi the Slicer (Halfling Fighter)                 Turns: 6557, Time: 00:32:56

Health: 0/63       AC: 14    Str: 17    XL:     9   Next: 49%
Magic:  8/9        EV:  8    Int:  6    God:    Okawaru [**....]
Gold:   215        SH: 11    Dex: 17    Spells: 8/8 levels left

rFire    . . .     SeeInvis .   i - +0 short sword (venom)
rCold    . . .     Gourm    .   c - +1 shield
rNeg     . . .     Faith    .   b - +0 scale mail
rPois    .         Spirit   .   F - +2 helmet
rElec    .         Reflect  .   s - +0 cloak
rCorr    .         Harm     .   y - +2 pair of gloves
MR       .....                  (no boots)
Stlth    ..........             (no amulet)
HPRegen  0.20/turn              B - ring of wizardry
MPRegen  0.11/turn              z - ring of flight

@: no status effects
A: small, mutation resistance 1
a: Heroism, Renounce Religion, Evoke Flight


You were on level 6 of the Dungeon.
You worshipped Okawaru.
Okawaru was pleased with you.
You were hungry.

You visited 2 branches of the dungeon, and saw 7 of its levels.
You also visited: Sewer.

You collected 215 gold pieces.

Inventory:

Hand Weapons
 a - a +1 rapier
 i - a +0 short sword of venom (weapon)
 l - a +0 hunting sling
 p - a +2 dagger of venom
 D - a cursed +3 short sword
Missiles
 j - 210 stones (quivered)
 t - 18 sling bullets
Armour
 b - a +0 scale mail (worn)
 c - a +1 shield (worn)
 s - a +0 cloak (worn)
 w - a +0 helmet
 y - a +2 pair of gloves (worn)
 F - a +2 helmet (worn)
Jewellery
 z - a ring of flight (right hand)
 B - a ring of wizardry (left hand)
Wands
 q - a wand of flame (18)
 C - a wand of iceblast (6)
Scrolls
 d - 2 scrolls of teleportation
 g - 4 scrolls of identify
 k - 5 scrolls of remove curse
 m - a scroll of enchant weapon
Potions
 e - 4 potions of curing
 h - a potion of haste
 o - 4 potions of magic
 r - a potion of ambrosia {unknown}
 v - a potion of heal wounds {unknown}
 x - a potion of resistance {unknown}
 A - a potion of cancellation {unknown}
 E - a potion of agility
Comestibles
 f - 11 rations


   Skills:
 + Level 6.8 Fighting
 + Level 11.6 Short Blades
 - Level 3.2 Armour
 - Level 3.2 Shields


You had 8 spell levels left.
You didn't know any spells.

Dungeon Overview and Level Annotations

Branches:
Dungeon (6/15)             Temple (1/1) D:5

Altars:
Ashenzari
Cheibriados
Dithmenos
Elyvilon
Fedhas
Gozag
Hepliaklqana
Kikubaaqudgha
Makhleb
Nemelex Xobeh
Okawaru
Qazlal
Ru
Sif Muna
Trog
Uskayaw
Vehumet
Wu Jian
Xom
Yredelemnul
Zin
The Shining One


Innate Abilities, Weirdness & Mutations

You are small and have problems with some larger weapons.
You are somewhat resistant to further mutation.


Message History

You miss something.
You hear some strange, mumbled words.
Something tries to affect you, but you resist.
You miss something. Something hits you.
* * * LOW HITPOINT WARNING * * *
Something bites you.
* * * LOW HITPOINT WARNING * * *
Something draws strength from your injuries!
You hit something but do no damage. You hit something but do no damage.
Something hits you but does no damage. Something bites you but does no damage.
You hit something but do no damage. You miss something. Something hits you!
* * * LOW HITPOINT WARNING * * *
You block something's attack.
You hit something. Something hits you but does no damage.
Something bites you but does no damage.
Your shield prevents you from hitting something.
You closely miss something. Something hits you.
You die...

######### ........# ##########
........###........#####
......................>########
........#...........#####.....#
........#......{@...# #....[#
##...######.........#####.##..#
#...# #####.......#.......#
#...# #####.##.#.#....## #...#
#......[.#.#)####
##...#########.##..#).#.#.#
.........##........#...)..#
...............###.#.#.####
.........##.##..##.#.#.#


There were no monsters in sight!

Vanquished Creatures
  Pikel (D:6)
  The ghost of Oravi the Slicer, a novice HaFi of Okawaru (D:5)
  The ghost of BorisKarlOrff the Poker, an amateur MiBe of Trog (D:3)
  An ogre (D:5)
  A centaur (D:5)
  A bullfrog (D:6)
  A scorpion (D:4)
  4 wights (D:6)
  2 hounds (D:4)
  A jelly (D:6)
  Crazy Yiuf (D:3)
  Jessica (D:3)
  An iguana (D:4)
  Natasha (thrice) (D:3)
  2 worker ants (D:6)
  Terence (D:3)
  A worker ant zombie (D:5)
  4 gnolls
  10 adders
  An ooze (D:5)
  3 adder skeletons
  2 worms
  A dart slug (D:2)
  3 leopard geckos
  12 orcs
  5 bats
  9 giant cockroaches
  7 goblins
  3 hobgoblins (D:1)
  10 jackals
  8 ball pythons
  5 frilled lizards
  A jackal skeleton (D:4)
  13 kobolds
  A quokka skeleton (D:6)
  8 rats
  6 plants (Sewer)
136 creatures vanquished.

Vanquished Creatures (others)
  A plant (Sewer)
1 creature vanquished.

Grand Total: 137 creatures vanquished

Notes
Turn   | Place    | Note
-------+----------+-------------------------------------------
     0 | D:1      | Oravi the Halfling Fighter began the quest for the Orb.
     0 | D:1      | Reached XP level 1. HP: 15/15 MP: 1/1
    57 | D:1      | Reached XP level 2. HP: 19/21 MP: 2/2
   162 | D:1      | Reached skill level 3 in Short Blades
   576 | D:2      | Reached XP level 3. HP: 14/26 MP: 3/3
   592 | D:1      | Reached skill level 4 in Short Blades
   592 | D:1      | Reached XP level 4. HP: 4/31 MP: 4/4
  1578 | D:2      | Found a bloodstained altar of Trog.
  1578 | D:2      | Found a shattered altar of Ashenzari.
  1627 | D:3      | Reached XP level 5. HP: 36/36 MP: 5/5
  1697 | D:3      | Noticed BorisKarlOrff's ghost (amateur MiBe)
  1901 | D:3      | Noticed Natasha
  1939 | D:3      | Killed BorisKarlOrff's ghost
  1939 | D:3      | Reached skill level 6 in Short Blades
  1939 | D:3      | Reached XP level 6. HP: 23/43 MP: 6/6
  1952 | D:3      | Killed Natasha
  1952 | D:3      | Reached skill level 7 in Short Blades
  1981 | D:3      | Found a glowing drain.
  1987 | D:3      | Reached XP level 7. HP: 32/48 MP: 7/7
  2082 | Sewer    | Entered a sewer
  3172 | D:3      | Noticed Jessica
  3175 | D:3      | Noticed Natasha
  3180 | D:3      | Noticed Terence
  3183 | D:3      | Killed Natasha
  3186 | D:3      | Killed Jessica
  3192 | D:3      | Killed Terence
  3428 | D:3      | Noticed Natasha
  3437 | D:3      | Killed Natasha
  3619 | D:3      | Reached skill level 8 in Short Blades
  3629 | D:3      | Found a runed door.
  3960 | D:3      | Noticed Crazy Yiuf
  3979 | D:3      | Killed Crazy Yiuf
  4419 | D:4      | Found a glowing silver altar of Zin.
  4530 | D:4      | Found a shimmering altar of Xom.
  4655 | D:4      | Reached XP level 8. HP: 54/54 MP: 8/8
  5038 | D:5      | Entered Level 5 of the Dungeon
  5038 | D:5      | Found a staircase to the Ecumenical Temple.
  5115 | D:5      | Reached skill level 5 in Fighting
  5115 | D:5      | Reached skill level 9 in Short Blades
  5175 | Temple   | Entered the Ecumenical Temple
  5184 | Temple   | Became a worshipper of Warmaster Okawaru
  5324 | D:5      | Noticed Oravi's ghost (novice HaFi)
  5615 | D:5      | Killed Oravi's ghost
  5615 | D:5      | Reached * piety under Okawaru
  5615 | D:5      | Reached skill level 10 in Short Blades
  5963 | D:6      | Reached XP level 9. HP: 62/62 MP: 9/9
  6348 | D:6      | Reached skill level 11 in Short Blades
  6453 | D:6      | Noticed Pikel
  6474 | D:6      | Killed Pikel
  6474 | D:6      | Reached ** piety under Okawaru
  6554 | D:6      | HP: 2/63 [something (7)]
  6557 | D:6      | Slain by a vampire

Skill      XL: |  1  2  3  4  5  6  7  8  9 |
---------------+----------------------------+-----
Fighting       | 3 4 5 6 |  6.8
Short Blades   | 3 4 6 7 8 10 11 | 11.6
Armour         | |  3.2
Shields        | |  3.2

Action                   |  1- 3 |  4- 6 |  7- 9 || total
-------------------------+-------+-------+-------++-------
Melee: Rapier            |    88 |   133 |    18 ||   239
       Short sword       |       |       |   625 ||   625
Invok: Heroism           |       |       |     1 ||     1
  Use: Scroll            |     2 |     5 |     4 ||    11
       Potion            |       |     4 |     1 ||     5
  Eat: Chunk             |       |     4 |    15 ||    19
Armor: Scale mail        |    34 |    46 |   112 ||   192
Dodge: Dodged            |    37 |    45 |   101 ||   183
Block: Shield            |    46 |    80 |   141 ||   267
